AoeStats
← visualfed

Arena

509914008Analyzed
1v1 RM · 2d ago on Sep 28, 2026· 80m 8s· 2 players
Game mode
Random Map
Map size
Tiny (2 player)
Population
200
Speed
Normal
Resources
Standard
Victory
Conquest
Starting age
Dark Age
Ending age
Imperial Age
RankedLock teamsTeams togetherTeam positionsShared explorationLock speedFull tech treeHidden civsTurbo modeCheats
Victory
Defeat
🇪🇸 Sicilians · Spain
136
+15
🇮🇹 Franks · Italy
106
-15
visualfed
0:46 Loom
18:44 Feudal Age
24:07 Stone Mining
25:32 Double-Bit Axe
29:03 Castle Age
30:26 Husbandry
33:01 Bow Saw
33:17 Treadmill Crane
33:28 Guard Tower
37:39 Gold Mining
44:48 Imperial Age
46:51 Gold Shaft Mining
47:47 Hoardings
48:59 Wheelbarrow
50:04 Chemistry
49:19 Elite Throwing Axeman
51:18 Cavalier
55:24 Hand Cart
63:38 Paladin
68:25 Man-at-Arms
68:51 Gambesons
68:34 Light Cavalry
69:24 Long Swordsman
jespop3030
1:48 Loom
16:15 Feudal Age
16:51 Double-Bit Axe
18:01 Man-at-Arms
21:25 Wheelbarrow
28:00 Castle Age
28:19 Gold Mining
28:31 Stone Mining
29:00 Hand Cart
28:22 Long Swordsman
29:54 Bow Saw
33:10 Gold Shaft Mining
33:54 Horse Collar
33:56 Light Cavalry
38:48 Imperial Age
36:44 Heavy Plow
37:11 Pikeman
42:55 Heavy Scorpion
43:22 Two-Handed Swordsman
50:40 Champion
51:42 Cranequins
51:44 Elite Skirmisher
58:19 Chemistry
74:41 Heavy Mounted Crossbowman
Connection lost

Rejoining the realm…

Still unreachable

The connection could not be restored.

Session expired

The server has moved on; the page needs a fresh start.